 Dungeon Crawl Stone Soup version 0.28-a0-536-g4f1c8046e5 (webtiles) character file.

Game seed: 18364092329803074505

5422 Conn the Arsonist (level 10, -3/58 HPs)
             Began as an Octopode Fire Elementalist on Sept 27, 2021.
             Was a Priest of Sif Muna.
             Slain by a two-headed ogre (26 damage)
             ... on level 8 of the Dungeon.
             The game lasted 00:46:13 (10395 turns).

Conn the Arsonist (Octopode Fire Elementalist)     Turns: 10395, Time: 00:46:14

Health: -3/58      AC:  3    Str:  8    XL:     10   Next: 67%
Magic:  9/19       EV: 14    Int: 20    God:    Sif Muna [***...]
Gold:   246        SH:  0    Dex: 19    Spells: 4/22 levels left

rFire   . . .      SeeInvis +   b - +3 dagger (elec)
rCold   . . .      Faith    +   (no shield)
rNeg    . . .      Spirit   .   d - +2 hat
rPois   +          Reflect  .   f - amulet of faith
rElec   +          Harm     .   v - ring of see invisible
rCorr   .          Rampage  .   n - ring of the Thistle {rElec rPois rF- rC+ Dex+6 SInv}
Will    .....                   p - ring of fire
Stlth   +++++.....              (no ring)
HPRegen 0.19/turn               (no ring)
MPRegen 0.16/turn               (no ring)
                                (no ring)
                                (no ring)

@: studying Stealth
A: almost no armour, amphibious, 8 rings, camouflage 1, gelatinous body 1,
(nimble swimmer 1), tentacles
a: Renounce Religion, Channel Magic, Forget Spell


You were on level 8 of the Dungeon.
You worshipped Sif Muna.
Sif Muna was most pleased with you.
You visited 2 branches of the dungeon, and saw 11 of its levels.

You collected 438 gold pieces.
You spent 192 gold pieces at shops.

Inventory:

Hand Weapons
 b - a +3 dagger of electrocution (weapon)
 j - a +0 short sword of protection
Missiles
 h - 3 boomerangs of dispersal
 s - 57 poisoned darts
 t - 2 curare-tipped darts (quivered)
 y - a throwing net
Armour
 c - a +1 kite shield
 d - a +2 hat (worn)
 x - a +2 buckler
Magical Staves
 m - a staff of poison
Jewellery
 f - an amulet of faith (around mantle)
 n - the ring of the Thistle (right tentacle) {rElec rPois rF- rC+ Dex+6 SInv}
   (You bought it in a shop on level 6 of the Dungeon)

   [ring of dexterity]

   Dex:       It affects your dexterity (+6).
   rF:        It makes you vulnerable to fire.
   rC:        It protects you from cold.
   rElec:     It insulates you from electricity.
   rPois:     It protects you from poison.
   SInv:      It lets you see invisible.
 p - a ring of fire (on tentacle)
 v - a ring of see invisible (left tentacle)
Wands
 g - a wand of flame (48)
 o - a wand of digging (4)
 w - a wand of polymorph (17)
Scrolls
 i - a scroll of brand weapon
 k - 3 scrolls of teleportation
 q - a scroll of amnesia {unknown}
Potions
 a - 2 potions of might
 e - 4 potions of flight
 u - a potion of ambrosia {unknown}
 z - 2 potions of curing
 A - a potion of haste {unknown}


   Skills:
 + Level 1.3 Fighting
 + Level 0.9 Short Blades
 + Level 1.0 Throwing
 + Level 2.7 Dodging
 * Level 7.6 Stealth
 * Level 3.7 Shields
 + Level 6.5 Spellcasting
 * Level 7.0 Conjurations
 - Level 3.0 Hexes
 * Level 8.8 Fire Magic
 * Level 4.0 Ice Magic
 * Level 3.1 Invocations


You had 4 spell levels left.
You knew the following spells:

 Your Spells              Type           Power      Damage    Failure   Level
a - Foxfire               Conj/Fire      100%       2x1d9     1%          1
b - Conjure Flame         Conj/Fire      55%        6-21      1%          3
c - Inner Flame           Hex/Fire       45%        N/A       2%          3
d - Scorch                Fire           100%       2d10      1%          2
e - Freeze                Ice            88%        1d10      1%          1
f - Flame Wave            Conj/Fire      55%        3d10      3%          4
g - Hailstorm             Conj/Ice       28%        3d8       11%         4

Your spell library contained the following spells:

 Spells                   Type           Power      Damage    Failure   Level
 Frozen Ramparts          Ice            44%        1d6       6%          3
 Animate Skeleton         Necr           12%        N/A       10%         1
 Apportation              Tloc           12%        N/A       10%         1
 Summon Small Mammal      Summ           24%        N/A       10%         1
 Summon Cactus Giant      Summ           3%         N/A       100%        6


Dungeon Overview and Level Annotations

Branches:
Dungeon (10/15)            Temple (1/1) D:6             Orc (0/2) D:10
   Lair: D:8-11

Altars:
Ashenzari
Cheibriados
Elyvilon
Kikubaaqudgha
Nemelex Xobeh
Ru
Sif Muna
Trog
Wu Jian
Xom
Zin

Shops:
D:5 (   D:6 *

Annotations:
D:8 Joseph


Innate Abilities, Weirdness & Mutations

You cannot wear most types of armour.
You are amphibious.
You can wear up to eight rings at the same time.
Your skin changes colour to match your surroundings (Stealth+).
Your rubbery body absorbs attacks. (AC +1, EV +1)
((You are camouflaged near water. (Stealth+)))
You have tentacles for arms and can constrict up to eight enemies at once.


Message History

Aiming: Inner Flame (dangerous; 2% risk of failure)
Press: ? - help, Shift-Dir - straight line, f - two-headed ogre
Aim: a two-headed ogre, wielding a +0 giant club and a +0 dire flail (asleep, chance to affect: 82%)
You feel a surge of power!
The two-headed ogre shouts in stereo!
The two-headed ogre is filled with an inner flame.
Joseph, a Mercenary comes into view.
He is wielding a +0 quarterstaff and wearing a +2 ring mail of poison resistance.
The two-headed ogre is engulfed in blazing flames.
Flame seeps out of the two-headed ogre.
Casting: Inner Flame (dangerous; 2% risk of failure)
Confirm with . or Enter, or press ? or * to list all spells.
Casting: Flame Wave (dangerous; 3% risk of failure)
Press: ? - help, Dir - look around, f - activate You feel a surge of power!
A wave of flame ripples out! (Press . to intensify the flame waves.)
A wave of flame ripples out!
The flame wave engulfs Joseph!
Joseph is moderately wounded.
Joseph hits you with a +0 quarterstaff!
A wave of flame ripples out!
The flame wave engulfs Joseph!
Joseph is heavily wounded.
The flame wave engulfs the two-headed ogre!
Flame seeps out of the two-headed ogre.
The two-headed ogre is moderately wounded.
You finish channelling waves of flame.
The two-headed ogre is engulfed in blazing flames.
Flame seeps out of the two-headed ogre.
Joseph says, "Drop everything you've found here and return home."
Joseph barely misses you.
Casting: Flame Wave (dangerous; 3% risk of failure)
Confirm with . or Enter, or press ? or * to list all spells.
Okay, then.
Joseph hits you with a +0 quarterstaff!!
Okay, then.
Okay, then.
Okay, then.
Okay, then.
Unknown command.
Unknown command.
The two-headed ogre hits you with a +0 giant club!!
You die...

##########
#.@.......#
#O#######.##
#...........
####.......#.##
#.......##.....
#.###.#.##....#
# #............
#.....###...
#.#....#


You could see a two-headed ogre (inner flame).

Vanquished Creatures
  2 trolls (D:6)
  A vampire (D:9)
  A steam dragon (D:6)
  A vampire mosquito (D:6)
  2 black bears
  An orc warrior (D:9)
  An ice beast (D:5)
  The ghost of Lymetel the Chopper, an amateur MiBe of Trog (D:3)
  2 necrophages
  3 ogres
  5 centaurs
  2 phantoms
  A kobold brigand (D:6)
  The ghost of WhatIsLove the Covert, an amateur SpDe of Dithmenos (D:5)
  2 gnoll sergeants
  A bullfrog (D:6)
  2 scorpions
  3 water moccasin skeletons
  35 killer bees
  9 wights
  3 howler monkeys
  A centaur zombie (D:7)
  2 bullfrog skeletons
  3 iguanas
  Terence (D:2)
  3 orc wizards
  A scorpion zombie (D:5)
  2 killer bee zombies
  A hound skeleton (D:5)
  2 howler monkey zombies
  7 adders
  3 gnolls (D:7)
  2 howler monkey skeletons
  A river rat (D:5)
  An ufetubus (D:6)
  2 worms
  A dart slug (D:2)
  3 adder simulacra (D:3)
  10 orcs
  5 ball pythons (D:1)
  6 endoplasms
  2 giant cockroaches
  2 goblins (D:4)
  8 hobgoblins
  7 kobolds
  2 quokkas
  A ball python simulacrum (D:3)
  3 bats (D:1)
  5 frilled lizards
  A quokka simulacrum (D:3)
  3 rats
170 creatures vanquished.

Vanquished Creatures (others)
  606 foxfires
  A plant (D:1)
607 creatures vanquished.

Grand Total: 777 creatures vanquished

Notes
Turn   | Place    | Note
-------+----------+-------------------------------------------
     0 | D:1      | Conn the Octopode Fire Elementalist began the quest for the
                  | Orb.
     0 | D:1      | Reached XP level 1. HP: 11/11 MP: 3/3
   381 | D:1      | Reached XP level 2. HP: 9/17 MP: 0/5
  1454 | D:2      | Reached XP level 3. HP: 21/21 MP: 4/6
  1759 | D:2      | Found a shimmering altar of Xom.
  1773 | D:2      | Noticed Terence
  1781 | D:2      | Learned a level 3 spell: Conjure Flame
  1785 | D:2      | Learned a level 3 spell: Inner Flame
  1913 | D:2      | Killed Terence
  2351 | D:3      | Reached XP level 4. HP: 27/27 MP: 8/8
  2590 | D:3      | Found a runed translucent gate.
  2590 | D:3      | Found a runed translucent gate.
  2791 | D:3      | Noticed Lymetel's ghost (amateur MiBe)
  2889 | D:3      | Found a runed translucent gate.
  3563 | D:4      | Reached skill level 4 in Fire Magic
  3730 | D:4      | Noticed a phantom
  3738 | D:4      | Killed a phantom
  3739 | D:4      | Reached skill level 1 in Hexes
  3739 | D:4      | Reached XP level 5. HP: 31/31 MP: 1/9
  4190 | D:5      | Entered Level 5 of the Dungeon
  4194 | D:5      | Learned a level 2 spell: Scorch
  4212 | D:5      | Learned a level 1 spell: Freeze
  4341 | D:5      | Found a runed translucent door.
  4345 | D:5      | Noticed WhatIsLove's ghost (amateur SpDe)
  4377 | D:5      | Found Xeefauh's Weapon Shop.
  4395 | D:5      | Noticed a centaur
  4396 | D:5      | Noticed an ice beast
  4425 | D:5      | Killed a centaur
  4426 | D:5      | Reached XP level 6. HP: 14/36 MP: 2/10
  4479 | D:5      | Killed an ice beast
  4480 | D:5      | Reached skill level 1 in Ice Magic
  4646 | D:5      | Reached XP level 7. HP: 37/41 MP: 4/12
  4830 | D:5      | Found a runed translucent door.
  5480 | D:5      | Reached skill level 5 in Fire Magic
  6189 | D:6      | Reached XP level 8. HP: 47/47 MP: 6/13
  6445 | D:6      | Found a staircase to the Ecumenical Temple.
  6463 | Temple   | Entered the Ecumenical Temple
  6485 | Temple   | Became a worshipper of Sif Muna the Loreminder
  6657 | D:6      | Found Dozxuata's Assorted Antiques.
  6675 | D:6      | Bought a slimy bone ring for 160 gold pieces
  6675 | D:6      | Identified the ring of the Thistle {rElec rPois rF- rC+
                  | Dex+6 SInv} (You bought it in a shop on level 6 of the
                  | Dungeon)
  6675 | D:6      | Bought a scroll labelled TEISAY CUNUWNI for 32 gold pieces
  6729 | D:6      | Learned a level 4 spell: Flame Wave
  6756 | D:6      | Reached skill level 6 in Fire Magic
  7068 | D:7      | Reached skill level 1 in Fighting
  7093 | D:6      | Reached skill level 5 in Conjurations
  7173 | D:6      | Reached skill level 1 in Shields
  7333 | D:6      | Noticed a troll
  7363 | D:6      | Reached skill level 1 in Invocations
  7363 | D:6      | Reached XP level 9. HP: 13/53 MP: 7/16
  7371 | D:6      | Killed a troll
  7372 | D:6      | Reached * piety under Sif Muna
  7636 | D:6      | Noticed a troll
  7640 | D:6      | Reached skill level 5 in Spellcasting
  7641 | D:6      | Killed a troll
  7642 | D:6      | Reached skill level 1 in Throwing
  7642 | D:6      | Reached skill level 7 in Fire Magic
  8156 | D:3      | Killed Lymetel's ghost
  8312 | D:3      | Learned a level 4 spell: Hailstorm
  8385 | D:5      | Killed WhatIsLove's ghost
  8640 | D:7      | Reached skill level 5 in Stealth
  8643 | D:7      | Reached skill level 8 in Fire Magic
  9124 | D:7      | Reached XP level 10. HP: 58/58 MP: 9/18
  9413 | D:7      | You fall into a shaft and drop 3 floors!
  9413 | D:10     | Entered Level 10 of the Dungeon
  9413 | D:10     | Found an ancient bone altar of Kikubaaqudgha.
  9423 | D:10     | Noticed a white ugly thing
  9551 | D:9      | Reached ** piety under Sif Muna
 10227 | D:9      | Reached *** piety under Sif Muna
 10377 | D:8      | Noticed a two-headed ogre
 10382 | D:8      | Noticed Joseph
 10395 | D:8      | Slain by a two-headed ogre

Illustrated notes

Levels and vault maps discovered:
D:1:      wander_arrival_fairy_ring, layout_basic
D:2:      layout_basic, basic_altar, uniq_terence
D:3:      layout_basic, gammafunk_ghost_icy
D:4:      layout_basic, minmay_tree_intersection
D:5:      layout_basic, serial_shops, shop, ebering_ghost_sewer_f,
          hangedman_decor_riveting
D:6:      layout_basic, minmay_temple_entry_glass, minivault_27,
          nicolae_inconvenience_store, minivault_23, minmay_manual_mess
D:7:      layout_cave_pools, glass_columns_c, st_stairs_8
D:8:      hangedman_cross_stitches, layout_basic, uniq_joseph
D:9:      wad_woods_minihive, layout_gridville, erik_lair_dragon
D:10:     layout_stronghold, tgw_kikubaaqudgha, minmay_orc_entry_guard_dogs,
          amethyst_killhole
Temple:   regret_index_temple_sigil_plot

Skill      XL: |  1  2  3  4  5  6  7  8  9 10 |
---------------+-------------------------------+-----
Conjurations   | 2 3 4 5 6 7 |  7.0
Stealth        | 3 4 5 7 |  7.6
Fire Magic     | 4 5 6 8 |  8.8
Spellcasting   | 3 4 5 6 |  6.5
Hexes          | 1 2 3 |  3.0
Ice Magic      | 1 2 3 4 |  4.0
Fighting       | 1 |  1.3
Shields        | 1 2 3 |  3.7
Invocations    | 1 2 3 |  3.1
Throwing       | 1 |  1.0
Short Blades   | |  0.9
Dodging        | |  2.7

Action                   |  1- 3 |  4- 6 |  7- 9 | 10-12 || total
-------------------------+-------+-------+-------+-------++-------
Melee: Unarmed           |    18 |       |       |       ||    18
       Constrict         |     7 |     6 |     5 |     6 ||    24
       Tentacles         |     4 |     3 |     3 |     4 ||    14
       Short sword       |     7 |    18 |       |       ||    25
       Dagger            |       |       |    19 |    19 ||    38
Throw: Dart              |       |     8 |     4 |       ||    12
 Cast: Foxfire           |    42 |    67 |   164 |    95 ||   368
       Conjure Flame     |     2 |     1 |     6 |     1 ||    10
       Scorch            |       |     4 |     2 |     1 ||     7
       Inner Flame       |       |       |    21 |    10 ||    31
       Freeze            |       |       |     3 |       ||     3
       Flame Wave        |       |       |     1 |     5 ||     6
Invok: Channel Magic     |       |       |       |     1 ||     1
Evoke: Wand              |       |       |       |     1 ||     1
  Use: Scroll            |     1 |    11 |     8 |     2 ||    22
       Potion            |       |     3 |     6 |     1 ||    10
 Stab: Sleeping          |     2 |     4 |     1 |     2 ||     9
Armor: Skin              |     1 |     4 |     9 |    10 ||    24
Dodge: Dodged            |    14 |    22 |    55 |    35 ||   126

Table legend: (Time is in decaauts)
 A = Elapsed time spent in this place.
 B = Non-inter-level travel time spent in this place.
 C = Inter-level travel time spent in this place.
 D = Time resting spent in this place.
 E = Time spent auto-exploring this place.
 F = Levels seen in this place.
 G = Mean time per level.
                   A        B        C        D        E       F      G
               +--------+--------+--------+--------+--------+-----+--------+
         Total |  10400 |  10015 |    385 |   1382 |   6292 |  11 |  945.5 |
       Dungeon |  10357 |   9992 |    365 |   1382 |   6282 |  10 | 1035.7 |
        Temple |     42 |     22 |     20 |      0 |     10 |   1 |   42.0 |
               +--------+--------+--------+--------+--------+-----+--------+

Top non-repeatable levels by time:
     D:5: 1947 daAuts
     D:6: 1844 daAuts
     D:3: 1485 daAuts
     D:1: 1451 daAuts
     D:7: 984 daAuts
     D:9: 930 daAuts
     D:2: 888 daAuts
     D:4: 775 daAuts
  Temple: 42 daAuts
    D:10: 29 daAuts
     D:8: 19 daAuts
